 Seeded DCSS version 0.31-a0-851-g7ff8af7976 (webtiles) character file.

Game seed: 15484592631660376689 (custom seed)

1446 Danienth the Slicer (level 8, -13/44 HPs)
             Began as a Spriggan Enchanter on Oct 6, 2023.
             Was a Believer of Dithmenos.
             Killed by divine providence
             ... invoked by an orc priest
              (16 damage)
             ... on level 5 of the Dungeon.
             The game lasted 00:31:27 (5809 turns).

Danienth the Slicer (Spriggan Enchanter)            Turns: 5809, Time: 00:31:27

Health: -13/44     AC:  3    Str:  6    XL:     8   Next: 46%
Magic:  13/13      EV: 17    Int: 22    God:    Dithmenos [**....]
Gold:   235        SH:  0    Dex: 16    Spells: 4/12 levels left

rFire   . . .        j - +1 demon blade (elec)
rCold   . . .        g - orb {*channel}
rNeg    . . .        b - +0 robe
rPois   .            d - +1 hat {Stlth+}
rElec   .            k - scarf {shadows}
rCorr   .            (gloves unavailable)
SInv    +            (boots unavailable)
Will    +....        (no amulet)
Stlth   +++++        r - +6 ring of intelligence
HPRegen 0.27/turn    (no ring)
MPRegen 0.13/turn

%: channel magic (20%)
@: wreathed by umbra, very quick
A: very small, no large weapons, unfitting armour, see invisible, speed 3
a: Renounce Religion, Shadow Step


You were on level 5 of the Dungeon.
You worshipped Dithmenos.
Dithmenos was pleased with you.
You visited 1 branch of the dungeon, and saw 5 of its levels.

You collected 235 gold pieces.

Inventory:

Hand Weapons
 a - a +1 dagger
 j - a +1 demon blade of electrocution (weapon)
Missiles
 m - 5 poisoned darts (quivered)
Armour
 b - a +0 robe (worn)
 d - a +1 hat of stealth (worn)
 g - an orb of energy (worn)
 k - a scarf of shadows (worn)
Jewellery
 r - a +6 ring of intelligence (left hand)
Wands
 c - a wand of quicksilver (6)
Scrolls
 e - a scroll of teleportation
 f - a scroll of fog
Potions
 l - a potion of heal wounds
 o - 2 potions of magic
 s - a potion of mutation


   Skills:
 * Level 6.1 Fighting
 * Level 8.1 Short Blades
 - Level 2.7 Dodging
 - Level 4.4 Stealth
 - Level 2.7 Spellcasting
 - Level 3.6 Hexes


You had 4 spell levels left.
You knew the following spells:

 Your Spells              Type           Power      Damage    Failure   Level
a - Ensorcelled Hibernat  Hex/Ice        22%        N/A       22%         2
b - Confusing Touch       Hex            19%        N/A       22%         3
c - Tukima's Dance        Hex            19%        N/A       22%         3

Your spell library contained the following spells:

 Spells                   Type           Power      Damage    Failure   Level
 Poisonous Vapours        Pois/Air       4%         N/A       38%         2
 Dazzling Flash           Conj/Hex       22%        N/A       38%         3
 Mephitic Cloud           Conj/Pois/Air  2%         N/A       58%         3
 Summon Ice Beast         Ice/Summ       2%         N/A       90%         4
 Summon Mana Viper        Hex/Summ       11%        N/A       95%         5
 Freezing Cloud           Conj/Ice/Air   1%         6-21      99%         5
 Monstrous Menagerie      Summ           1%         N/A       100%        7


Dungeon Overview and Level Annotations

Branches:
Dungeon (5/15)
 Temple: D:4-7

Altars:
Dithmenos
Fedhas
Kikubaaqudgha

Shops:
D:5 [(!=

Annotations:
D:5 3 transporters, bahustanut's ghost, novice FoHu


Innate Abilities, Weirdness & Mutations

You are very small and have problems with some larger weapons.
You are too small for most types of armour.
You have supernaturally acute eyesight. (SInv)
You cover ground extremely quickly. (Speed+++)


Message History

You see here 3 stones.
You enter the shallow water.
Moving in this stuff is going to be slow.
You slash the plant!
The plant begins to die.
The plant is lightly damaged.
The shadow imp gestures at you. You resist with some effort.
Your unstable footing causes you to fumble your attack.
You slash the plant!
The plant is lightly damaged.
The shadow imp laughs crazily.
Your unstable footing causes you to fumble your attack.
Throw: 7 darts (poison)
Press: ? - help, Q - select action, (/) - cycle Shift-Dir - straight line, f/p - orc priest
Aim: an orc priest, wielding a +0 dagger and wearing a +0 leather armour (severely wounded, poisoned, 60% to hit)
You throw a poisoned dart. The poisoned dart hits the orc priest.
The orc priest looks even sicker.
The orc priest is severely wounded.
A nearby plant withers and dies.
The orc priest looks encouraged for a moment.
Dithmenos accepts your kill.
You feel a bit more experienced.
The orc priest miscasts a cantrip.
Throw: 6 darts (poison)
Press: ? - help, Q - select action, (/) - cycle Shift-Dir - straight line, f - orc priest
Aim: an orc priest, wielding a +0 short sword and wearing a +0 scale mail (64% to hit)
You throw a poisoned dart. The poisoned dart hits the orc priest.
The orc priest calls down the wrath of Beogh upon you.
Beogh smites you! The shadow imp gestures at you.
Pain shoots through your body!
The shadow imp shouts, "Go and return not, thou bootless toot-wallowing half-pint!"
The orc priest invokes the aid of Beogh against you.
Pain shoots through your body!
* * * LOW HITPOINT WARNING * * *
The shadow imp shouts, "Scamper home, thou villainous knotty-pated cross-patch!"
You open the door.
The orc priest calls down the wrath of Beogh upon you.
Beogh smites you!
You die...

..#.........#P..)..P#........####
............####'####...####.#
..#.........#)≈...≈.#..## #.#
............#.≈.(.≈.#..# #.#
............#.≈~~~≈.#.## #.##
..........#.#5≈~♣~≈.#..#####..#
.......)....#o≈~~~≈.#.........#
............#.≈...≈.#.#...###.##
............#.≈.@.≈5#.....###..#
.....######.####'####.#.....##.#
..##...# #.#~..(..~#.....#....#
..####.# #.#8P$©$P8#.....####.##
.## #.# #.#########..####......
.### #.# #.....©.......###......
...# #.# ####....##.....##......
##.# #.######....###.##..##......
##.###..##>.........©............


You could see an orc priest and 2 shadow imps.

Vanquished Creatures
  4 yaks (D:5)
  Menkaure (D:5)
  2 scorpions (D:4)
  3 hounds (D:5)
  4 jellies
  2 orc priests
  Ijyb (D:5)
  Natasha (thrice) (D:4)
  2 iguanas
  4 gnolls (D:4)
  8 adders
  A worm (D:3)
  3 dart slugs
  7 orcs
  5 ball pythons
  5 bats
  13 endoplasms
  2 giant cockroaches
  9 goblins
  4 hobgoblins
  5 kobolds
  3 quokkas (D:1)
  6 frilled lizards
  5 rats
102 creatures vanquished.

Vanquished Creatures (others)
  A dancing weapon (D:4)
1 creature vanquished.

Grand Total: 103 creatures vanquished

Notes
Turn   | Place    | Note
-------+----------+-------------------------------------------
     0 | D:1      | Danienth the Spriggan Enchanter began the quest for the
                  | Orb.
     0 | D:1      | Reached XP level 1. HP: 9/9 MP: 5/5
   140 | D:1      | Reached XP level 2. HP: 14/14 MP: 6/6
   234 | D:1      | Reached skill level 1 in Fighting
   237 | D:1      | Reached skill level 2 in Short Blades
   431 | D:1      | Reached XP level 3. HP: 18/18 MP: 8/8
   864 | D:2      | Identified 3 scrolls of acquirement
   864 | D:2      | Acquired a +1 demon blade of electrocution
   867 | D:2      | Acquired a scarf of shadows
   874 | D:2      | Acquired a +1 hat of stealth
   914 | D:2      | Found a faded altar of an unknown god.
   918 | D:2      | Prayed at the altar of an unknown god.
   918 | D:2      | Became a worshipper of Dithmenos the Shadowed
   918 | D:2      | Reached * piety under Dithmenos
  1035 | D:2      | Reached skill level 3 in Short Blades
  1166 | D:2      | Reached XP level 4. HP: 23/23 MP: 9/9
  1787 | D:3      | Reached ** piety under Dithmenos
  1865 | D:3      | Learned a level 2 spell: Ensorcelled Hibernation
  2035 | D:3      | Identified the +3 leather armour of the Sailor {rC+ Will+}
  2094 | D:3      | Learned a level 3 spell: Confusing Touch
  2098 | D:3      | Learned a level 3 spell: Tukima's Dance
  2311 | D:3      | Reached XP level 5. HP: 27/27 MP: 10/10
  2497 | D:4      | Reached skill level 4 in Short Blades
  2627 | D:4      | Noticed Natasha
  2634 | D:4      | Killed Natasha
  2853 | D:4      | Reached XP level 6. HP: 32/32 MP: 8/11
  3419 | D:4      | Noticed Natasha
  3425 | D:4      | Killed Natasha
  3476 | D:4      | Reached skill level 5 in Short Blades
  3544 | D:4      | Noticed Natasha
  3554 | D:4      | Killed Natasha
  3933 | D:5      | Entered Level 5 of the Dungeon
  3933 | D:5      | Noticed a yak
  3933 | D:5      | Noticed a yak
  3934 | D:5      | Found an ancient bone altar of Kikubaaqudgha.
  3935 | D:5      | Noticed a yak
  3935 | D:5      | Noticed a yak
  3984 | D:5      | Noticed Menkaure
  3990 | D:5      | Killed Menkaure
  3991 | D:5      | Reached XP level 7. HP: 22/37 MP: 12/12
  4065 | D:5      | Found a transporter.
  4071 | D:5      | Noticed bahustanut's ghost (novice FoHu)
  4098 | D:5      | Found a transporter.
  4101 | D:5      | Found a transporter.
  4119 | D:5      | Reached skill level 6 in Short Blades
  4143 | D:5      | Found a transporter.
  4222 | D:5      | Found Ogidy's Jewellery Shoppe.
  4226 | D:5      | Found Setreimm's Distillery.
  4227 | D:5      | Found Abbesy's Armour Shoppe.
  4232 | D:5      | Found Botenutz's Weapon Shoppe.
  4252 | D:5      | Noticed Ijyb
  4693 | D:5      | Found a blossoming altar of Fedhas.
  4736 | D:5      | Killed a yak
  4737 | D:5      | Reached skill level 5 in Fighting
  4737 | D:5      | Reached skill level 7 in Short Blades
  5005 | D:5      | Killed Ijyb
  5006 | D:5      | Reached XP level 8. HP: 42/43 MP: 3/13
  5104 | D:5      | HP: 2/43 [yak (15)]
  5654 | D:5      | Reached skill level 8 in Short Blades
  5809 | D:5      | Killed from afar by an orc priest

Illustrated notes

Levels and vault maps discovered:
D:1:      dpeg_arrival_pits, layout_loops_ring, minmay_misc_feat_iff,
          minivault_14
D:2:      layout_basic, hellmonk_ecumenical_altar_heavens_door, st_stairs_6,
          kennysheep_small_spiral, minmay_small_reverse_x
D:3:      layout_basic, serial_glass, glass_columns_b, glass_columns_b,
          glass_columns_c, glass_columns_b, glass_columns_c, glass_columns_b,
          chequers_serial_rivers_small_b, minmay_misc_feat_cross,
          grunt_ministairs_9, minmay_misc_feat_tower, minivault_24,
          minmay_misc_feat_columns, minmay_liquid_box, minmay_fountain_box
D:4:      layout_basic, uniq_natasha
D:5:      gammafunk_wand_slinger, layout_rooms,
          mainiacjoe_overflow_six_doors_small, mainiacjoe_overflow_chevrons,
          gammafunk_ghost_hive, minmay_shop_grid_forest, uniq_menkaure,
          uniq_ijyb

Skill      XL: |  1  2  3  4  5  6  7  8 |
---------------+-------------------------+-----
Fighting       | 1 2 3 4 5 6 |  6.1
Short Blades   | 2 3 4 5 7 8 |  8.1
Dodging        | |  2.7
Stealth        | |  4.4
Spellcasting   | |  2.7
Hexes          | |  3.6

Action                     |  1- 3 |  4- 6 |  7- 9 || total
---------------------------+-------+-------+-------++-------
  Melee: Dagger            |    66 |       |       ||    66
         Demon blade       |    20 |    86 |    76 ||   182
         Punch             |     1 |       |       ||     1
  Throw: Dart              |       |     2 |    42 ||    44
   Cast: Ensorcelled Hiber |       |    22 |    29 ||    51
         Confusing Touch   |       |     1 |     3 ||     4
         Tukima's Dance    |       |     1 |       ||     1
 Invoke: Shadow Step       |       |       |     1 ||     1
    Use: Scroll            |     3 |     8 |     8 ||    19
         Potion            |       |     3 |     5 ||     8
   Stab: Sleeping          |    20 |    22 |     9 ||    51
         Invisible         |       |       |     2 ||     2
         Confused          |       |       |     1 ||     1
 Armour: Robe              |    16 |    23 |    33 ||    72
  Dodge: Dodged            |    67 |    77 |    81 ||   225

Table legend: (Time is in decaauts)
 A = Elapsed time spent in this place.
 B = Non-inter-level travel time spent in this place.
 C = Inter-level travel time spent in this place.
 D = Time resting spent in this place.
 E = Time spent auto-exploring this place.
 F = Levels seen in this place.
 G = Mean time per level.
                   A        B        C        D        E       F      G
               +--------+--------+--------+--------+--------+-----+--------+
         Total |   4455 |   4291 |    164 |   1244 |   2143 |   5 |  891.0 |
       Dungeon |   4455 |   4291 |    164 |   1244 |   2143 |   5 |  891.0 |
               +--------+--------+--------+--------+--------+-----+--------+

Top non-repeatable levels by time:
     D:4: 1390 daAuts
     D:5: 1386 daAuts
     D:2: 586 daAuts
     D:1: 551 daAuts
     D:3: 540 daAuts
